 Dungeon Crawl Stone Soup version 0.18-a0-1157-g59db91b (webtiles) character file.

841 M4edhros the Sneak (level 8, -2/48 HPs)
             Began as an Octopode Artificer on Jan 23, 2016.
             Was a Believer of Fedhas.
             Killed from afar by an electric eel (12 damage)
             ... with a bolt of electricity
             ... on level 6 of the Dungeon.
             The game lasted 00:09:50 (4344 turns).

M4edhros the Sneak (Octopode Artificer)             Turns: 4344, Time: 00:09:50

Health: -2/48      AC:  4    Str: 11    XL:     8   Next: 0%
Magic:  9/11       EV: 16    Int: 16    God:    Fedhas [**....]
Gold:   390        SH:  0    Dex: 12    Spells: 0 memorised, 7 levels left

rFire  + + .     SeeInvis .     B - +3 mace of the Scavenger {flame, rPois rF+ MR+ Stlth+} (curse)
rCold  x . .     Gourm    .     (no shield)
rNeg   . . .     Faith    .     (helmet restricted)
rPois  +         Spirit   .     v - amulet of regeneration
rElec  .         Dismiss  .     l - +1 ring of protection
rCorr  .         Reflect  .     p - ring of fire
SustAt +         Harm     .     r - ring of sustain attributes
MR     ++...                    (no ring)
Stlth  ++++++....               (no ring)
                                (no ring)
                                (no ring)
                                (no ring)

@: very resistant to hostile enchantments, very stealthy
A: almost no armour, amphibious, 8 rings, constrict 8, repulsion field 1, slimy
green scales 1, camouflage 1, magic resistance 1, gelatinous body 1, evolution 1
a: Evolution, Sunlight, Renounce Religion


You were on level 6 of the Dungeon.
You worshipped Fedhas.
Fedhas was pleased with you.
You were not hungry.

You visited 1 branch of the dungeon, and saw 6 of its levels.

You collected 390 gold pieces.

Inventory:

Hand Weapons
 a - a +0 short sword
 i - a +1 hunting sling
 B - the cursed +3 mace of the Scavenger (weapon) {flame, rPois rF+ MR+ Stlth+}
   (You found it on level 5 of the Dungeon)

   It has been specially enchanted to burn those struck by it, causing extra
   injury to most foes and up to half again as much damage against particularly
   susceptible opponents.
   It protects you from fire.
   It protects you from poison.
   It affects your resistance to hostile enchantments.
   It makes you more stealthy.
   It has a curse placed upon it.
Missiles
 g - 7 exploding sling bullets
 q - 54 stones (quivered)
 t - 6 tomahawks
Jewellery
 l - a +1 ring of protection (left tentacle)
 p - a ring of fire (right tentacle)
 r - a ring of sustain attributes (on tentacle)
 v - an amulet of regeneration (around mantle)
Wands
 b - a wand of flame (12/48)
 c - a wand of enslavement (12/24)
 d - a wand of random effects (17/48)
 o - a wand of lightning (1/15)
 y - a wand of draining (2/15)
Scrolls
 e - 2 scrolls of enchant armour
 w - a scroll of immolation {unknown}
 x - 2 scrolls of magic mapping
 C - a scroll of amnesia {unknown}
Potions
 h - a potion of resistance {unknown}
 k - a potion of cure mutation
 m - 2 potions of heal wounds
 n - a potion of flight
 s - 3 potions of curing
Books
 z - a book of Spatial Translocations

   Spells                             Type                      Level
   a - Apportation                    Translocation                1
   b - Blink                          Translocation                2
   c - Shroud of Golubria             Charms/Translocation         2
   d - Portal Projectile              Translocation                3
   e - Teleport Other                 Translocation                3
   f - Passage of Golubria            Translocation                4
Comestibles
 f - 2 bread rations
 j - a beef jerky
 u - 4 fruits


   Skills:
 - Level 1.0 Fighting
 - Level 1.0 Short Blades
 * Level 1.7 Slings
 * Level 5.2 Dodging
 * Level 7.0 Stealth
 + Level 3.1 Invocations
 + Level 5.1 Evocations


You had 7 spell levels left.
You didn't know any spells.

Dungeon Overview and Level Annotations

Branches:
Dungeon (6/15)             Temple (0/1) D:5

Altars:
Dithmenos
Fedhas
Qazlal
Yredelemnul
The Shining One


Innate Abilities, Weirdness & Mutations

You cannot wear most types of armour.
You are amphibious.
You can wear up to eight rings at the same time.
You can use your tentacles to constrict eight enemies at once.
Your skin changes colour to match your surroundings (Stealth).
Your rubbery body absorbs attacks (AC +1).
You are surrounded by a mild repulsion field (EV +2).
You are partially covered in slimy green scales (AC +2).
You are resistant to hostile enchantments.
You evolve.


Message History

You have reached level 8!
You feel a bit more experienced.
You see here a halberd.
An electric eel comes into view.
Evoke which item? (* to show all) (? for menu, Esc to quit)
Zapping:
b - a wand of flame (13/48)
Press: ? - help, Shift-Dir - straight line, f - electric eel, p - wandering mushroom
Aim: an electric eel Fedhas protects your plant from harm.
The puff of flame hits the electric eel.
The electric eel is severely wounded.
This wand has 12 charges left.
The electric eel shoots out a bolt of lightning at you!
The bolt of electricity hits the toadstool.
The toadstool is destroyed!
The bolt of electricity hits you!
* * * LOW HITPOINT WARNING * * *
The bolt of electricity hits you!
You die...
Fedhas appreciates your contribution to the ecosystem.

#..#### #.##..#.# #..#
#..#.#.#### #..#
####..#..>..#. #P.#
#.....###.#.#. #..##
#.##......#.#.
#.).###.##......#.#.
###)#ff..P....>.......
#P...)###.##.....#..#.
#.###@................
#. #..P........##..## #
#.###.#.#..###..#
...g....# #......# #..##
.##PPP.P# #...#..###....
#PPP;§.≈##.......<...##
yyPP≈§≈PP.............).
yPPy≈;♣≈≈.....##.#######
#PP♣≈♣♣≈P....# #.#


You could see 2 electric eels and 2 friendly wandering mushrooms.

Vanquished Creatures
  A killer bee (D:6)
  A crimson imp (D:5)
  A hound (D:5)
  A gnoll shaman (D:5)
  7 gnolls
  6 adders
  An adder skeleton (D:5)
  A worm (D:3)
  6 giant geckos
  2 orcs
  5 giant cockroaches
  7 hobgoblins
  3 jackals (D:2)
  7 kobolds
  A quokka (D:5)
  2 ball pythons
  6 bats
  A giant gecko skeleton (D:5)
  3 giant newts
  6 goblins
  6 rats
74 creatures vanquished.

Vanquished Creatures (collateral kills)
  The ghost of st0uf the Covert, an amateur OpAs (D:4)
  A phantom (D:5)
  A scorpion (D:4)
  3 killer bees (D:6)
  2 orc priests (D:4)
  Crazy Yiuf (D:5)
  A centaur skeleton (D:4)
  2 hounds (D:4)
  An iguana (D:4)
  2 orc wizards
  3 worker ants (D:4)
  5 gnolls
  2 adders
  A shadow imp (D:5)
  A worm (D:3)
  An orc (D:4)
  A hobgoblin (D:2)
  A bat (D:3)
30 creatures vanquished.

Vanquished Creatures (others)
  A killer bee (D:6)
  A gnoll (D:2)
  A wandering mushroom (D:4)
  3 plants (D:6)
  77 toadstools
83 creatures vanquished.

Grand Total: 187 creatures vanquished

Notes
Turn   | Place    | Note
--------------------------------------------------------------
     0 | D:1      | M4edhros the Octopode Artificer began the quest for the Orb.
     0 | D:1      | Reached XP level 1. HP: 13/13 MP: 3/3
   268 | D:2      | Reached XP level 2. HP: 16/18 MP: 4/4
   304 | D:2      | Found a blossoming altar of Fedhas.
   400 | D:2      | Reached XP level 3. HP: 23/23 MP: 5/5
   420 | D:2      | Became a worshipper of Fedhas Madash
   573 | D:2      | Reached XP level 4. HP: 28/28 MP: 6/6
  1462 | D:2      | Reached skill level 4 in Stealth
  1633 | D:3      | Reached XP level 5. HP: 23/33 MP: 6/8
  1653 | D:3      | Reached * piety under Fedhas
  2456 | D:4      | Noticed st0uf's ghost (amateur OpAs)
  2463 | D:4      | Killed st0uf's ghost
  2463 | D:4      | Reached skill level 5 in Stealth
  2463 | D:4      | Reached skill level 1 in Invocations
  2463 | D:4      | Reached XP level 6. HP: 29/38 MP: 9/9
  2841 | D:4      | Gained mutation: You are partially covered in slimy green scales (AC +2). [potion of mutation]
  2841 | D:4      | Gained mutation: You are resistant to hostile enchantments. [potion of mutation]
  2842 | D:4      | Gained mutation: You are surrounded by a mild repulsion field (EV +2). [potion of beneficial mutation]
  2843 | D:4      | Gained mutation: You evolve. [potion of beneficial mutation]
  3225 | D:4      | Reached skill level 6 in Stealth
  3227 | D:4      | Reached XP level 7. HP: 43/43 MP: 10/10
  3408 | D:5      | Entered Level 5 of the Dungeon
  3418 | D:5      | Found a stormy altar of Qazlal.
  3520 | D:5      | Found a shadowy altar of Dithmenos.
  3576 | D:5      | Found a basalt altar of Yredelemnul.
  3581 | D:5      | Found a glowing golden altar of the Shining One.
  3583 | D:5      | Noticed an angel
  3872 | D:5      | Found a staircase to the Ecumenical Temple.
  3900 | D:5      | Got a transparent mace
  3901 | D:5      | Identified the cursed +3 mace of the Scavenger {flame, rPois rF+ MR+ Stlth+} (You found it on level 5 of the Dungeon)
  3907 | D:5      | Noticed Crazy Yiuf
  3921 | D:5      | Killed Crazy Yiuf
  3921 | D:5      | Reached skill level 5 in Dodging
  4001 | D:5      | Reached skill level 5 in Evocations
  4008 | D:5      | Reached ** piety under Fedhas
  4180 | D:5      | Reached skill level 1 in Slings
  4335 | D:6      | Reached skill level 7 in Stealth
  4340 | D:6      | Reached XP level 8. HP: 25/48 MP: 8/11
  4344 | D:6      | Killed from afar by an electric eel

Vault maps used:
D:1:      minmay_arrival_wavy_path, minmay_box_of_dots
D:2:      fedhas_altar_1
D:3:      kennysheep_doodads
D:5:      grunt_temple_overflow_holy_war, overflow_temple_1_default,
          kennysheep_little_box, minmay_temple_entry_enclosed_plants,
          first_bread, minivault_5, uniq_crazy_yiuf_cottage
D:6:      serial_bayou, serial_bayou_shore_a, serial_bayou_pond_a,
          serial_bayou_lagoon_a, serial_bayou_pond_c, grunt_ministairs_1,
          minmay_mini_ossuary

Action                   |  1- 3 |  4- 6 |  7- 9 || total
-------------------------+-------+-------+-------++-------
Melee: Short sword       |    43 |   127 |       ||   170
       Mace              |       |       |    21 ||    21
 Fire: Hunting sling     |       |    24 |    76 ||   100
Invok: Evolution         |       |     2 |     1 ||     3
Evoke: Wand              |     2 |     5 |     5 ||    12
  Use: Scroll            |       |    14 |     3 ||    17
       Potion            |       |     3 |     1 ||     4
 Stab: Sleeping          |     3 |    13 |     1 ||    17
       Distracted        |     1 |       |       ||     1
  Eat: Royal jelly       |       |     1 |       ||     1
       Beef jerky        |       |     1 |       ||     1
       Bread ration      |       |     1 |     1 ||     2
